 Dungeon Crawl Stone Soup version 0.30-a0-782-ge64f9170bb (webtiles) character file.

Game seed: 3186087030456627422

5 Leeroy the Slasher (level 1, 0/18 HPs)
             Began as a Merfolk Monk on Feb 27, 2023.
             Slain by a gnoll
             ... wielding a +0 spear
              (7 damage)
             ... on level 1 of the Dungeon.
             The game lasted 00:00:47 (125 turns).

Leeroy the Slasher (Merfolk Monk)                    Turns: 125, Time: 00:00:47

Health: 0/18       AC:  2    Str: 11    XL:     1   Next: 80%
Magic:  1/1        EV: 13    Int:  9    God:
Gold:   7          SH:  0    Dex: 16    Spells: 0/0 levels left

rFire   . . .      SeeInvis .    a - +0 falchion
rCold   . . .      Faith    .    (no shield)
rNeg    . . .      Spirit   .    b - +0 robe
rPois   .          Reflect  .    (no helmet)
rElec   .          Harm     .    (no cloak)
rCorr   .          Rampage  .    (no gloves)
Will    .....                    (no boots)
Stlth   ++                       (no amulet)
HPRegen 0.23/turn                (no ring)
MPRegen 0.07/turn                (no ring)

@: no status effects
A: (nimble swimmer 2), mertail
a: no special abilities


You were on level 1 of the Dungeon.
You visited 1 branch of the dungeon, and saw 1 of its levels.

You collected 7 gold pieces.

Inventory:

Hand Weapons
 a - a +0 falchion (weapon)
Armour
 b - a +0 robe (worn)
Scrolls
 d - a scroll of identify {unknown}
 f - a scroll of noise {unknown}
Potions
 c - a potion of ambrosia
 e - a potion of mutation {unknown}


   Skills:
 - Level 3.2 Fighting
 + Level 4.1 Long Blades
 - Level 4.0 Dodging
 - Level 2.1 Stealth


You couldn't memorise any spells.
You didn't know any spells.
Your spell library was empty.

Dungeon Overview and Level Annotations

Branches:
Dungeon (1/15)

Altars:


Innate Abilities, Weirdness & Mutations

((You are very nimble when in or above water. (Stealth+, EV+, Speed+++)))
Your lower body shifts to a powerful aquatic tail in water.


Message History

The bat hits you but does no damage.
You hit the bat.
The bat is moderately wounded.
The bat hits you but does no damage. The bat closely misses you.
The bat hits you but does no damage.
You hit the bat.
You kill the bat!
No target in view!
No target in view!
No target in view!
No target in view!
Found a chain mail.
Found a leather armour.
A frilled lizard comes into view.
A gnoll comes into view. It is wielding a +0 spear.
The frilled lizard hisses angrily.
The frilled lizard barely misses you.
The gnoll shouts!
You hit the frilled lizard.
You kill the frilled lizard!
The gnoll hits you with a +0 spear.
You see here a frilled lizard corpse.
You closely miss the gnoll. Your punch misses the gnoll.
The gnoll hits you with a +0 spear.
You slash the gnoll!
The gnoll is severely wounded.
The gnoll misses you.
You barely miss the gnoll.
The gnoll is severely wounded.
The gnoll hits you with a +0 spear.
You are too injured to fight recklessly!
You are too injured to fight recklessly!
You are too injured to fight recklessly!
You are too injured to fight recklessly!
You are too injured to fight recklessly!
You barely miss the gnoll.
The gnoll is severely wounded.
The gnoll hits you with a +0 spear!
You die...

#.# #.# ##. #.# #..
#.# #.. ### #.# #.#
..# #.# #.#
..#######.# #.#
.......##.######.#
..#.............@#
..#.##.##.[......g...#
###.##..........##.#.#
# #.##########..# #..
###.## #...# ...#
##...####. ...## ....
#.......... ##... .##
.....####.# #..#. ##
......#


You could see a gnoll.

Vanquished Creatures
  An endoplasm (D:1)
  A ball python (D:1)
  3 bats (D:1)
  A frilled lizard (D:1)
  A rat (D:1)
7 creatures vanquished.

Notes
Turn   | Place    | Note
-------+----------+-------------------------------------------
     0 | D:1      | Leeroy the Merfolk Monk began the quest for the Orb.
     0 | D:1      | Reached XP level 1. HP: 18/18 MP: 1/1
   125 | D:1      | Slain by a gnoll

Illustrated notes

Levels and vault maps discovered:
D:1:      dpeg_arrival_rooms_with_view, layout_loops_ring

Skill      XL: |  1 |
---------------+----+-----
Long Blades    | 4 |  4.1
Fighting       | |  3.2
Dodging        | |  4.0
Stealth        | |  2.1

Action                     || total
---------------------------++-------
  Melee: Falchion          ||    16
   Stab: Sleeping          ||     1
 Armour: Robe              ||     3
  Dodge: Dodged            ||     6

Table legend: (Time is in decaauts)
 A = Elapsed time spent in this place.
 B = Non-inter-level travel time spent in this place.
 C = Inter-level travel time spent in this place.
 D = Time resting spent in this place.
 E = Time spent auto-exploring this place.
 F = Levels seen in this place.
 G = Mean time per level.
                   A        B        C        D        E       F      G
               +--------+--------+--------+--------+--------+-----+--------+
         Total |    125 |    125 |      0 |      0 |     80 |   1 |  125.0 |
       Dungeon |    125 |    125 |      0 |      0 |     80 |   1 |  125.0 |
               +--------+--------+--------+--------+--------+-----+--------+

Top non-repeatable levels by time:
     D:1: 125 daAuts
